Map: Dusk Towers

Players

Capu

  • Race: Zerg Zerg
  • League: Diamond

dahtroop - Winner!

  • Race: Protoss Protoss
  • League: Diamond

VOD

Have the link to the VOD?

Description

Time

  • Played on: Nov. 19, 2015, 11:18 a.m.
  • Length: 11:15
Show
View Real Time Build Order
Export as new Build Order

Capu Zerg 

Build Orders: Hatch First 

Get SALT Encoding   

  12  0:01  Drone  
  13  0:10  Drone  
  14  0:18  Extractor  
  14  0:19  Drone  
  14  0:20  Extractor  
  13  0:22  Drone  
  16  0:46  Hatchery  
  16  0:47  Extractor  
  14  1:01  Spawning Pool  
  14  1:02  Drone  
  14  1:10  Overlord  
  14  1:28  Drone  
  14  1:29  Drone x2  
  17  1:44  Drone  
  18  1:49  Metabolic Boost  
  18  1:54  Queen  
  18  2:00  Drone  
  21  2:02  Drone  
  21  2:05  Drone  
  23  2:14  Queen  
  25  2:18  Drone  
  25  2:22  Drone  
  27  2:30  Drone  
  27  2:31  Overlord  
  27  2:36  Overlord  
  28  2:52  Zergling x8  
  28  2:56  Zergling x2  
  33  3:03  Zergling x6  
  33  3:04  Zergling x2  
  37  3:11  Zergling x2  
  38  3:18  Roach Warren  
  37  3:22  Zergling x4  
  37  3:25  Zergling x6  
  37  3:26  Zergling x2  
  43  3:33  Overlord  
  43  3:47  Hatchery  
  42  3:48  Drone x2  
  42  3:53  Drone  
  42  3:54  Drone x3  
  48  3:59  Evolution Chamber  
  47  4:09  Drone x4  
  50  4:17  Overlord  
  50  4:20  Lair  
  50  4:23  Extractor  
  49  4:25  Spore Crawler  
  49  4:29  Spore Crawler  
  47  4:32  Drone x2  
  47  4:36  Drone x2  
  51  4:39  Drone  
  51  4:41  Drone  
  53  4:55  Roach x2  
  53  4:56  Roach  
  53  4:58  Overlord x2  
  59  5:01  Drone  
  59  5:04  Drone x2  
  62  5:12  Drone  
  62  5:13  Drone x2, Overlord  
  65  5:21  Glial Reconstitution  
  61  5:43  Drone x3  
  61  5:45  Drone  
  61  5:46  Drone x2  
  70  5:57  Roach x6  
  70  5:58  Roach x2  
  81  6:10  Roach x5  
  89  6:47  Drone  
  89  6:53  Overlord x3  
  90  7:02  Extractor  
  90  7:03  Extractor, Zerg Ground Armor Level 1, Queen  
  90  7:05  Extractor  
  90  7:06  Evolution Chamber  
  90  7:07  Ravager x2  
  90  7:08  Spore Crawler  
  90  7:09  Extractor  
  90  7:12  Ravager  
  90  7:14  Drone x3  
  90  7:15  Drone x4  
  95  7:16  Drone x7  
  95  7:17  Drone  
  101  7:31  Zergling x8  
  101  7:32  Zergling x2  
  102  7:39  Queen  
  75  7:53  Zergling x2  
  75  7:54  Zergling x16  
  69  8:10  Roach  
  69  8:11  Roach x4  
  75  8:25  Roach  
  75  8:39  Drone  
  75  8:40  Drone x3  
  78  8:52  Drone x3, Queen  
  83  9:03  Baneling Nest  
  83  9:07  Drone x3  
  83  9:21  Drone  
  83  9:22  Drone x2  
  86  9:28  Roach  
  86  9:29  Roach x11  
  86  9:30  Queen  
  112  9:55  Zergling x4  
  108  10:19  Ravager  
  108  10:20  Ravager  
  108  10:21  Ravager x4  
  108  10:22  Ravager x4  
  108  10:26  Roach  
  113  10:33  Drone x2  
  113  10:34  Drone  
  114  10:39  Baneling x6  
  114  10:40  Baneling x3  
  113  10:43  Zergling x2  
Show
View Real Time Build Order
Export as new Build Order

dahtroop Protoss - Winner!

Build Orders: 1 Gate Expand 

Get SALT Encoding   

  12  0:03  Probe (Chrono Boost)  
  13  0:18  Pylon  
  13  0:22  Probe (Chrono Boost)  
  14  0:33  Probe (Chrono Boost)  
  15  0:40  Gateway  
  15  0:45  Probe (Chrono Boost)  
  16  0:55  Assimilator  
  16  0:56  Probe (Chrono Boost)  
  17  1:06  Probe (Chrono Boost)  
  18  1:24  Nexus  
  17  1:26  Probe (Chrono Boost)  
  18  1:38  Cybernetics Core  
  18  1:42  Zealot  
  18  1:45  Probe (Chrono Boost)  
  21  1:53  Pylon  
  21  2:01  Assimilator  
  21  2:03  Probe (Chrono Boost)  
  24  2:15  Mothership Core (Chrono Boost)  
  24  2:24  Warp Gate (Chrono Boost)  
  24  2:33  Probe (Chrono Boost)  
  24  2:34  Gateway  
  25  2:39  Probe (Chrono Boost)  
  27  2:44  Probe (Chrono Boost)  
  27  2:45  Adept  
  29  2:56  Robotics Facility  
  29  2:59  Probe (Chrono Boost)  
  29  3:02  Probe (Chrono Boost)  
  31  3:10  Probe (Chrono Boost)  
  32  3:16  Forge  
  32  3:19  Probe (Chrono Boost)  
  33  3:24  Adept  
  35  3:27  Probe (Chrono Boost)  
  35  3:32  Adept  
  35  3:33  Probe (Chrono Boost)  
  38  3:40  Probe  
  40  3:46  Warp Prism  
  42  3:49  Probe  
  42  3:55  Protoss Ground Weapons Level 1 (Chrono Boost)  
  43  4:02  Pylon  
  43  4:06  Sentry  
  45  4:15  Probe  
  45  4:16  Pylon  
  46  4:20  Sentry  
  46  4:24  Pylon  
  48  4:26  Gateway  
  48  4:30  Probe x2  
  50  4:35  Gateway  
  50  4:42  Probe (Chrono Boost)  
  50  4:45  Probe (Chrono Boost)  
  53  4:46  Observer  
  53  4:53  Probe (Chrono Boost)  
  53  4:54  Gateway  
  53  4:55  Gateway  
  53  4:56  Probe (Chrono Boost)  
  55  5:04  Probe (Chrono Boost)  
  56  5:12  Adept x2  
  60  5:15  Probe x2 (Chrono Boost)  
  62  5:33  Adept x2  
  66  5:37  Probe x2 (Chrono Boost)  
  68  5:47  Probe x2 (Chrono Boost)  
  66  5:57  Twilight Council  
  66  5:59  Robotics Bay  
  66  6:02  Probe x2 (Chrono Boost)  
  68  6:09  Sentry  
  70  6:14  Nexus, Pylon  
  70  6:17  Pylon  
  70  6:18  Assimilator  
  70  6:19  Pylon  
  70  6:22  Assimilator  
  70  6:31  Blink  
  71  6:33  Probe (Chrono Boost)  
  69  6:40  Probe (Chrono Boost)  
  69  6:41  Protoss Ground Weapons Level 2 (Chrono Boost)  
  69  6:43  Probe (Chrono Boost)  
  69  6:51  Probe (Chrono Boost), Photon Cannon  
  69  6:52  Photon Cannon  
  70  6:56  Gateway  
  70  6:59  Gateway, Disruptor (Chrono Boost)  
  70  7:01  Zealot x2  
  75  7:02  Zealot  
  79  7:08  Pylon  
  79  7:09  Probe (Chrono Boost)  
  80  7:16  Gravitic Drive  
  77  7:44  Stalker x5  
  80  7:56  Disruptor (Chrono Boost)  
  81  8:04  Adept  
  83  8:06  Zealot  
  83  8:07  Zealot x3  
  91  8:16  Probe x2  
  91  8:19  Probe  
  93  8:22  Pylon x2  
  93  8:23  Pylon  
  93  8:25  Photon Cannon  
  90  8:27  Disruptor (Chrono Boost)  
  93  8:36  Probe x2  
  89  8:42  Stalker x4  
  89  8:44  Pylon  
  89  8:46  Probe, Assimilator  
  98  8:49  Probe, Pylon  
  98  8:51  Pylon  
  98  8:55  Assimilator  
  99  8:58  Adept x4  
  99  8:59  Probe, Disruptor (Chrono Boost)  
  99  9:00  Probe  
  110  9:20  Templar Archives  
  110  9:22  Gateway  
  110  9:27  Stalker x2  
  114  9:33  Probe  
  115  9:42  Probe  
  115  9:43  Zealot x2  
  115  9:44  Zealot x4  
  128  9:50  Nexus  
  128  10:12  Adept  
  128  10:13  Adept x2  
  126  10:39  Adept  
  126  10:40  Adept x3  
  126  11:02  Stalker x4  
  126  11:03  Stalker  
Tags
 
Add a new tag
Caveats
  • Supply blocks, unpowered buildings, or Contaminate may cause inaccurate times.
  • Supply counts are checked every 10 seconds.